 Dungeon Crawl Stone Soup version 0.25-a0-50-gf0389da217 (webtiles) character file.

Game seed: 8510984024016169828, levelgen mode: deterministic

449 Arixos the Grave Robber (level 7, 0/45 HPs)
             Began as an Octopode Necromancer on Oct 24, 2019.
             Slain by a centaur (7 damage)
             ... on level 5 of the Dungeon.
             The game lasted 00:21:59 (5497 turns).

Arixos the Grave Robber (Octopode Necromancer)      Turns: 5497, Time: 00:22:00

Health: 0/45       AC: -4    Str:  7    XL:     7   Next: 4%
Magic:  8/12       EV: 14    Int: 19    God:
Gold:   160        SH:  0    Dex: 13    Spells: 2/13 levels left

rFire    . . .     SeeInvis .   h - +3 dagger (venom)
rCold    . . .     Gourm    .   (no shield)
rNeg     . . .     Faith    .   (helmet restricted)
rPois    .         Spirit   .   l - amulet of inaccuracy (curse)
rElec    .         Reflect  .   i - -5 ring of protection (curse)
rCorr    .         Harm     .   (no ring)
MR       .....                  (no ring)
Stlth    +++.......             (no ring)
HPRegen  0.15/turn              (no ring)
MPRegen  0.13/turn              (no ring)
                                (no ring)
                                (no ring)

@: no status effects
A: almost no armour, stealthy swim, amphibious, 8 rings, constrict 8, camouflage
1, gelatinous body 1
a: no special abilities


You were on level 5 of the Dungeon.
You were not hungry.

You visited 1 branch of the dungeon, and saw 5 of its levels.

You collected 160 gold pieces.

Inventory:

Hand Weapons
 h - a +3 dagger of venom (weapon)
Armour
 t - a +0 shield
Jewellery
 i - a cursed -5 ring of protection (left tentacle)
 k - an uncursed amulet of guardian spirit
 l - a cursed amulet of inaccuracy (around mantle)
 x - a +3 amulet of reflection {unknown}
Wands
 v - a wand of acid (7)
Scrolls
 a - 5 scrolls of identify
 e - 2 scrolls of teleportation
 f - a scroll of enchant armour
 g - 2 scrolls of enchant weapon
 j - a scroll of fog
Potions
 c - a potion of lignification {unknown}
 d - a potion of magic {unknown}
 m - 2 potions of brilliance {unknown}
 n - 2 potions of might {unknown}
 o - a potion of ambrosia {unknown}
 p - a potion of flight {unknown}
 q - a potion of haste {unknown}
 r - a potion of mutation {unknown}
 s - 2 potions of heal wounds {unknown}
 u - a potion of agility {unknown}
Comestibles
 b - 8 rations
 w - 3 chunks of flesh


   Skills:
 + Level 2.6 Fighting
 + Level 3.5 Dodging
 - Level 2.6 Stealth
 + Level 1.5 Shields
 * Level 3.7 Spellcasting
 + Level 2.2 Charms
 + Level 5.0 Necromancy


You had 2 spell levels left.
You knew the following spells:

 Your Spells              Type           Power        Failure   Level  Hunger
a - Pain                  Necr           ###.         1%          1    None
d - Vampiric Draining     Necr           ###.......   5%          3    ###....
r - Regeneration          Chrm/Necr      ###.......   10%         3    ###....
A - Animate Dead          Necr           N/A          19%         4    ####...

Your spell library contained the following spells:

 Spells                   Type           Power        Failure   Level  Hunger
 Animate Skeleton         Necr           N/A          1%          1    None


Dungeon Overview and Level Annotations

Branches:
Dungeon (5/15)
 Temple: D:4-7

Altars:
Ashenzari
Cheibriados
Dithmenos
Okawaru
Qazlal
Trog

Annotations:
D:3 1 runed translucent door, stillor's ghost, amateur MfSk


Innate Abilities, Weirdness & Mutations

You cannot wear most types of armour.
You are very stealthy in the water. (Stealth+)
You are amphibious.
You can wear up to eight rings at the same time.
You can use your tentacles to constrict eight enemies at once.
Your skin changes colour to match your surroundings (Stealth+).
Your rubbery body absorbs attacks. (AC +1, EV +1)


Message History

Press: ? - help, Shift-Dir - straight line, f/p - centaur
Aim: a centaur, wielding a +0 shortbow (lightly wounded, chance to defeat MR: 81%)
The centaur barely resists.
A centaur opens the door.
Casting: Pain (safe; 1% risk of failure)
Confirm with . or Enter, or press ? or * to list all spells.
Aiming: Pain (safe; 1% risk of failure)
Press: ? - help, Shift-Dir - straight line, f/p - centaur
Aim: a centaur, wielding a +0 shortbow (lightly wounded, chance to defeat MR: 81%)
The centaur writhes in agony!
The centaur shoots an arrow.
The arrow hits you!
The centaur shoots an arrow.
The arrow hits you!
The centaur shoots an arrow.
The arrow hits you!
* * * LOW HITPOINT WARNING * * *
You see here 2 arrows.
You close the door.
A centaur opens the door.
You close the door.
A centaur opens the door.
The centaur shoots an arrow.
The arrow closely misses you.
You closely miss the centaur.
The centaur is heavily wounded.
The centaur unwields a +0 shortbow.
The centaur hits you!
You die...

... #.#(# .....
#.#.# #.#.# ####
#.#.# #....
#.#.###...#
#.#.#....## # # #
#####.#@#......
#.#.#.#......(c..#
......#.###.#.(.##
........# #.#.#..#
#.#.#...###.#.#.....
.....#
#.......#.#....##
.....#
#..####.#.#.....#
....[#
#..####.#.##+#....
.....# #..........#
###.


You could see a centaur.

Vanquished Creatures
  An ogre (D:4)
  2 crimson imps
  An orc priest (D:5)
  An orc wizard (D:5)
  A bullfrog skeleton (D:4)
  2 worker ants (D:4)
  6 adders
  An adder skeleton (D:4)
  A worm (D:4)
  2 dart slugs
  2 leopard geckos
  2 orcs (D:5)
  6 giant cockroaches
  8 goblins
  7 hobgoblins
  8 jackals
  4 quokkas
  12 bats
  10 frilled lizards
  8 kobolds
  9 rats
94 creatures vanquished.

Notes
Turn   | Place    | Note
-------+----------+-------------------------------------------
     0 | D:1      | Arixos the Octopode Necromancer began the quest for the
                  | Orb.
     0 | D:1      | Reached XP level 1. HP: 11/11 MP: 3/3
   213 | D:1      | Reached XP level 2. HP: 6/18 MP: 0/5
   792 | D:1      | Reached skill level 1 in Fighting
   845 | D:1      | Reached XP level 3. HP: 23/23 MP: 4/6
   850 | D:1      | Learned a level 3 spell: Regeneration
  1737 | D:2      | Reached XP level 4. HP: 25/28 MP: 2/7
  1802 | D:2      | Learned a level 4 spell: Animate Dead
  2159 | D:2      | Reached skill level 1 in Charms
  2472 | D:2      | Found an iron altar of Okawaru.
  2791 | D:3      | Found a shattered altar of Ashenzari.
  3089 | D:3      | Reached XP level 5. HP: 13/34 MP: 1/9
  3286 | D:3      | Found a runed translucent door.
  3476 | D:3      | Noticed stillor's ghost (amateur MfSk)
  4237 | D:4      | Found a shadowy altar of Dithmenos.
  4524 | D:4      | Reached XP level 6. HP: 29/39 MP: 6/10
  4615 | D:4      | Reached skill level 1 in Shields
  4777 | D:4      | Found a stormy altar of Qazlal.
  4777 | D:4      | Found a bloodstained altar of Trog.
  4949 | D:4      | Learned a level 3 spell: Vampiric Draining
  4991 | D:4      | Found a snail-covered altar of Cheibriados.
  5117 | D:5      | Entered Level 5 of the Dungeon
  5301 | D:5      | Reached skill level 5 in Necromancy
  5301 | D:5      | Reached XP level 7. HP: 19/45 MP: 2/12
  5497 | D:5      | Slain by a centaur

Levels and vault maps discovered:
D:1:      moated_graveyard_arrival, layout_rooms, minmay_misc_feat_five,
          minmay_indecisive_spiral
D:2:      cheibrodos_helix_gallery, layout_basic, old_standard_altar,
          minmay_between
D:3:      layout_basic, first_ration, ebering_ghost_inner_flame,
          minmay_misc_feat_four_crosses, cheibrodos_ashenzari_chains
D:4:      layout_loops_corners, cheibriados_altar_1,
          chequers_temple_overflow_statue_of_worship, minmay_misc_feat_iff,
          nrook_mini_backslash, grunt_dithmenos_smoke
D:5:      minmay_spotlight, layout_basic, lemuel_crystal_altar,
          okawaru_ov_weapons_minmay

Skill      XL: |  1  2  3  4  5  6 |
---------------+-------------------+-----
Fighting       | 1 2 |  2.6
Charms         | 1 2 |  2.2
Dodging        | 3 |  3.5
Spellcasting   | 3 |  3.7
Shields        | 1 |  1.5
Necromancy     | 5 |  5.0
Stealth        | |  2.6

Action                   |  1- 3 |  4- 6 |  7- 9 || total
-------------------------+-------+-------+-------++-------
Melee: Unarmed           |     5 |       |       ||     5
       Constrict         |     1 |     5 |     1 ||     7
       Tentacles         |     1 |     5 |       ||     6
       Dagger            |       |    40 |     3 ||    43
 Cast: Pain              |    71 |   109 |     6 ||   186
       Regeneration      |       |     3 |       ||     3
  Use: Scroll            |     6 |       |       ||     6
  Eat: Chunk             |     3 |    10 |     2 ||    15
Armor: Skin              |     1 |       |       ||     1
Dodge: Dodged            |     9 |    41 |     4 ||    54

Table legend:
 A = Non-vault XP
 B = Vault XP
 C = Vault XP percentage of total XP
 D = Non-vault monster count
 E = Vault monster count
 F = Vault count percentage of total count
                 A         B        C        D         E       F
            +---------+---------+-------+---------+---------+-------
      Total |     620 |      22 |   3.4 |      87 |       7 |   7.4
            +---------+---------+-------+---------+---------+-------
        D:1 |      39 |       5 |  11.4 |      24 |       4 |  14.3
        D:2 |      74 |      17 |  18.7 |      32 |       3 |   8.6
        D:3 |      83 |       0 |   0.0 |      13 |       0 |   0.0
        D:4 |     281 |       0 |   0.0 |      12 |       0 |   0.0
        D:5 |     143 |       0 |   0.0 |       6 |       0 |   0.0
            +---------+---------+-------+---------+---------+-------
